Map: Lost and Found LE

Players

Cuddlebear - Winner!

  • Race: Terran Terran
  • Spawn Location: 1:00

Dolan

  • Race: Terran Terran
  • Spawn Location: 7:00

Event: WCS Austin 2018

VOD

Have the link to the VOD?

Description

Time

  • Played on: June 1, 2018, 3:35 p.m.
  • Length: 10:16

All games in this series

Show
View Real Time Build Order
Export as new Build Order

Cuddlebear Terran - Winner!

Build Orders: Cyclone Opening 

Get SALT Encoding   

  12  0:00  SCV  
  13  0:12  SCV  
  14  0:17  Supply Depot  
  14  0:26  Refinery  
  14  0:27  SCV  
  15  0:39  SCV  
  16  0:44  Barracks  
  16  0:51  SCV  
  17  1:03  SCV  
  18  1:16  SCV  
  19  1:31  Orbital Command  
  20  1:32  Reaper  
  20  1:43  Bunker  
  20  1:47  Supply Depot, Factory  
  20  1:57  Supply Depot  
  20  2:00  SCV  
  21  2:04  Marine  
  22  2:13  SCV  
  23  2:22  Marine  
  24  2:25  SCV  
  25  2:32  Cyclone  
  28  2:37  SCV  
  28  2:40  Supply Depot  
  29  2:45  Marine  
  29  2:53  Refinery  
  29  2:57  Command Center  
  29  3:02  Refinery  
  29  3:09  Factory Tech Lab  
  29  3:15  Starport  
  29  3:18  SCV  
  29  3:20  Marine  
  29  3:26  Supply Depot  
  30  3:30  Widow Mine  
  32  3:41  Marine  
  29  3:44  Liberator, SCV  
  26  4:12  Barracks Reactor  
  26  4:15  SCV  
  27  4:27  SCV  
  27  4:29  Siege Tank  
  29  4:32  Orbital Command  
  29  4:39  SCV  
  30  4:49  Viking  
  30  4:52  SCV  
  33  4:55  Marine x2  
  35  5:00  SCV  
  36  5:08  Siege Tank  
  36  5:09  SCV  
  36  5:13  Orbital Command  
  40  5:19  Marine  
  41  5:21  Liberator, SCV  
  42  5:29  Marine  
  42  5:33  SCV  
  41  5:40  SCV  
  45  5:44  Engineering Bay  
  45  5:45  Marine  
  45  5:46  SCV  
  47  5:50  Marine  
  47  5:56  Siege Tank  
  47  6:01  SCV  
  45  6:06  Marine  
  45  6:08  Marine, SCV  
  45  6:10  Barracks  
  48  6:14  Barracks, SCV  
  48  6:20  SCV  
  48  6:26  Marine, SCV  
  48  6:30  Marine, Siege Tank  
  55  6:32  SCV  
  55  6:34  Starport Tech Lab  
  55  6:38  SCV  
  55  6:45  Terran Infantry Weapons Level 1, SCV  
  55  6:50  SCV  
  54  6:56  Marine  
  54  6:57  SCV  
  50  7:02  Marine, SCV  
  50  7:04  Barracks Tech Lab  
  50  7:08  Refinery x2  
  52  7:09  SCV  
  52  7:10  Starport Reactor  
  52  7:12  Marine  
  52  7:14  SCV  
  55  7:16  Marine  
  55  7:19  Marine  
  55  7:21  SCV  
  61  7:23  Stimpack  
  61  7:26  Supply Depot, SCV  
  61  7:27  Marine, Supply Depot  
  60  7:30  Marine  
  60  7:33  SCV  
  60  7:34  Supply Depot  
  60  7:35  Siege Tank  
  62  7:37  Marine  
  62  7:38  SCV  
  62  7:42  Supply Depot  
  64  7:44  Marine  
  64  7:45  SCV  
  64  7:46  Combat Shields  
  64  7:49  Marine x2  
  64  7:50  SCV  
  69  7:56  Marine  
  69  7:57  Medivac, SCV  
  73  8:00  Supply Depot  
  73  8:02  SCV  
  73  8:03  Medivac, Marine  
  77  8:07  Supply Depot, Marine  
  77  8:08  Marine  
  77  8:11  SCV  
  80  8:15  Marine  
  80  8:17  SCV  
  82  8:21  Siege Tank  
  82  8:23  SCV  
  82  8:25  Marine  
  87  8:27  Marine x2  
  87  8:28  Medivac  
  87  8:29  SCV  
  87  8:33  Marine  
  93  8:43  Medivac, Marine  
  93  8:44  Marine  
  93  8:45  Marine  
  97  8:51  Command Center, Marine  
  97  8:54  Siege Tank  
  100  9:01  Marine  
  100  9:02  Medivac, Marine  
  102  9:05  Marine  
  102  9:09  Marine  
  106  9:16  Barracks  
  104  9:19  Marine  
  105  9:25  Barracks, Marine x2  
  106  9:33  SCV  
  106  9:34  SCV  
  103  9:42  Marine x2  
  103  9:44  Marine  
  103  9:45  Marine  
  107  9:51  SCV  
  102  10:13  Barracks Reactor x2  
  101  10:16  Supply Depot  
Show
View Real Time Build Order
Export as new Build Order

Dolan Terran 

Build Orders: MMM Bio 

Get SALT Encoding   

  12  0:00  SCV  
  13  0:12  SCV  
  14  0:18  Supply Depot  
  14  0:26  SCV  
  15  0:40  Barracks  
  15  0:44  Refinery  
  15  0:57  Barracks  
  15  1:01  SCV  
  16  1:13  SCV  
  17  1:27  Orbital Command, Barracks Tech Lab  
  19  1:47  Marauder  
  19  1:49  Barracks Tech Lab  
  19  1:53  SCV  
  20  1:56  Concussive Shells  
  20  2:01  Supply Depot  
  20  2:08  Marauder  
  24  2:23  Marauder  
  24  2:27  Supply Depot  
  24  2:28  Supply Depot  
  24  2:29  Marauder  
  27  2:30  SCV  
  27  2:42  SCV  
  30  2:44  Marauder  
  30  2:50  Marauder  
  32  2:54  SCV  
  32  2:55  Refinery  
  33  3:12  Marauder  
  35  3:18  SCV  
  36  3:26  Factory  
  36  3:30  Supply Depot, SCV  
  37  3:39  Marauder  
  37  3:42  SCV  
  38  3:54  SCV  
  33  4:06  SCV  
  28  4:17  Command Center  
  28  4:18  Cyclone, SCV  
  32  4:30  SCV  
  33  4:33  Starport  
  33  4:43  SCV  
  34  4:48  Barracks  
  34  4:51  Cyclone  
  37  4:55  SCV  
  38  5:02  Engineering Bay  
  38  5:09  SCV  
  38  5:11  Viking  
  41  5:21  SCV  
  42  5:23  Barracks  
  39  5:35  SCV  
  39  5:39  Barracks Tech Lab  
  39  5:41  Factory Tech Lab, Viking  
  41  5:47  SCV  
  42  6:04  Marine x2  
  42  6:05  Stimpack  
  42  6:07  Terran Infantry Weapons Level 1  
  42  6:09  Orbital Command  
  44  6:14  Barracks Tech Lab  
  44  6:16  SCV  
  44  6:17  Factory Tech Lab  
  42  6:28  SCV  
  43  6:40  Marine, Raven  
  43  6:41  Marine x2  
  43  6:46  Supply Depot  
  39  7:01  Marine x2  
  39  7:02  Marine, Siege Tank  
  39  7:04  SCV x2  
  39  7:07  Supply Depot  
  46  7:29  SCV x2  
  47  7:33  Supply Depot  
  47  7:36  Marine x2, Viking  
  52  7:41  SCV x2  
  52  7:43  Barracks Reactor  
  53  7:46  Refinery  
  53  7:53  SCV x2  
  55  7:58  Marine  
  55  7:59  Marine  
  55  8:04  Barracks  
  55  8:05  SCV x2  
  59  8:06  Barracks  
  59  8:08  Refinery  
  59  8:11  Siege Tank  
  62  8:16  Combat Shields  
  62  8:17  SCV  
  62  8:18  Marine x2  
  65  8:27  Starport Reactor  
  65  8:28  SCV  
  66  8:37  Marine x3  
  66  8:38  Marine  
  70  8:43  SCV x2, Siege Tank  
  75  8:55  SCV x2  
  77  8:56  Supply Depot  
  77  8:59  Command Center  
  77  9:02  Barracks Reactor x2, Marine x4  
  81  9:10  SCV x2  
  83  9:18  Siege Tank  
  83  9:20  Marine x4  
  87  9:35  SCV x2  
  87  9:37  Marine  
  94  9:39  Marine  
  94  9:42  Supply Depot, Marine x4  
Tags
 
Add a new tag
Caveats
  • Supply blocks, unpowered buildings, or Contaminate may cause inaccurate times.
  • Supply counts are checked every 10 seconds.